 Dungeon Sprint DCSS version 0.30-a0-802-gb92711bcdf (webtiles) character file.

Game seed: 3441813393717771381

1700000 BigDaddyOpFi the Spry (level 16, -40/135 HPs)
             Began as a Djinni Warper on Feb 24, 2023.
             Was an Elder of Makhleb.
             Annihilated by a meat berserker
             ... wielding a +9 battleaxe
              (56 damage)
             ... in the Dungeon (Sprint VIII: "Arena of Blood").
             The game lasted 00:00:23 (17 turns).

BigDaddyOpFi the Spry (Djinni Warper)                 Turns: 17, Time: 00:00:23

Health: -40/135    AC:  5    Str: 10    XL:     16   Next: 19%
Gold:   0          EV: 27    Int: 15    God:    Makhleb [****..] SH:  0 Dex: 21

rFire   + + .      SeeInvis .    h - +∞ Axe of Woe
rCold   x . .      Faith    .    (shield currently unavailable)
rNeg    . . .      Spirit   .    a - +0 leather armour
rPois   ∞          Reflect  .    (no helmet)
rElec   .          Harm     .    (no cloak)
rCorr   .          Rampage  .    (no gloves)
Will    +....      NoTele   +    (boots unavailable)
Stlth   ++                       (no amulet)
HPRegen 0.42/turn                (no ring)
MPRegen 0.00/turn                (no ring)

@: flying
A: sickness immunity, fire resistance 2, cold vulnerability 1, float, innate
caster, HP casting, extra vitality 1
a: Renounce Religion, Minor Destruction, Lesser Servant of Makhleb, Major
Destruction


You were in the Dungeon.
You worshipped Makhleb.
Makhleb was greatly pleased with you.
You visited 1 branch

Inventory:

Hand Weapons
 h - the +∞ Axe of Woe (weapon)
   (You found it in the Dungeon)
Missiles
 c - 7 boomerangs of dispersal (quivered)
Armour
 a - a +0 leather armour (worn)
Scrolls
 b - 2 scrolls of blinking
Potions
 d - a potion of curing
 e - a potion of heal wounds
 f - a potion of haste
 g - a potion of berserk rage


   Skills:
 + Level 19.0 Fighting
 + Level 16.2 Throwing
 + Level 19.0 Armour
 + Level 20.6 Dodging
 + Level 18.9 Unarmed Combat
 + Level 15.1 Spellcasting


You knew the following spells:

 Your Spells              Type           Power      Damage    Failure   Level
a - Blink                 Tloc           100%       N/A       1%          2
b - Lesser Beckoning      Tloc           100%       N/A       1%          2
c - Vhi's Electric Charg  Tloc/Air       100%       N/A       1%          3
d - Teleport Other        Tloc           54%        N/A       1%          3
e - Manifold Assault      Tloc           54%        N/A       1%          4
f - Shock                 Conj/Air       100%       1d9       0%          1
g - Momentum Strike       Conj/Tloc      100%       3d10      1%          2
h - Wereblood             Tmut           54%        N/A       1%          2
i - Airstrike             Air            27%        2d(4-20)  1%          4
j - Alistair's Intoxicat  Tmut/Pois      36%        N/A       1%          5
k - Yara's Violent Unrav  Hex/Tmut       27%        3d12      1%          5
l - Iron Shot             Conj/Erth      27%        9d6       1%          6
Your spell library was empty.

Dungeon Overview and Level Annotations

Branches:
Dungeon (1/1)

Altars:
Makhleb


Innate Abilities, Weirdness & Mutations

You are immune to sickness and miasma.
You are immune to poison.
Your flesh is very heat resistant. (rF++)
You are vulnerable to cold. (rC-)
You float through the air rather than walking.
You learn spells naturally, not from books.
Your magical power is your life essence.
You have superior vitality. (+4 MHP)


Message History

You kill the bag of meat!
Makhleb accepts your kill.
* * * LOW HITPOINT WARNING * * *
You hear a shout! x5
A bag of meat comes into view. It is wielding a +9 war axe. x2
You hear a shout! x4
The meat berserker rages.
A bag of meat comes into view. It is wielding a +9 war axe.
You hear a shout!
The meat berserker rages.
You hear a shout! x4; The bag of meat shouts!
Your Fighting skill increases to level 19!
Your Throwing skill increases to level 16!
Your Armour skill increases to level 19!
Your Spellcasting skill increases to level 15!
You have reached level 16!
You feel agile.
The bag of meat shouts!
You slice the meat berserker!!
You dissect the meat berserker like a pig carcass.
You kill the meat berserker!
Makhleb accepts your kill.
You can now hurl Makhleb's greater destruction.
You feel better.
The destroyer appears out of thin air!
A destroyer comes into view. It is wielding a +9 heavy great sword.
The destroyer shouts!
You hear a shout! x7
The meat berserker rages.
A large bag of meat comes into view. It is wielding a +9 giant spiked club.
A bag of meat comes into view. It is wielding a +9 war axe.
You hear a shout! x4
The meat berserker hits you with a +9 battleaxe!!!
* * * LOW HITPOINT WARNING * * *
A large bag of meat comes into view. It is wielding a +9 giant spiked club.
The meat berserker hits you with a +9 battleaxe.
* * * LOW HITPOINT WARNING * * *
You hear a shout!
A meat berserker comes into view. It is wielding a +9 battleaxe.
You hear a shout!
The meat berserker hits you with a +9 battleaxe!!!
You die...

#.. ...# . .###..
...###O.O
.....V###........
..O..._.........
#o....# .o...
#_O°._#o.....
..#...°.#......
.....O._°OOO.....
..O...###@o...o..
.###....Oo.###...
#.......# .
#..o....#
.......o..
...........
..O........
..........##


You could see a destroyer, 3 large bags of meat, 7 meat berserkers and 8 bags of
meat.

Vanquished Creatures
  3 ogres (D)
  8 orcs (D)
11 creatures vanquished.

Notes
Turn   | Place    | Note
-------+----------+-------------------------------------------
     0 | D        | Found the +∞ Axe of Woe
     0 | D        | BigDaddyOpFi the Djinni Warper began the quest for the Orb.
     0 | D        | BigDaddyOpFi set off with the following spells memorised:
                  | Blink, Lesser Beckoning, Vhi's Electric Charge, Teleport
                  | Other, Manifold Assault.
     0 | D        | Reached XP level 1. HP: 18/18 MP: 0/0
     2 | D        | Noticed a bag of meat
     2 | D        | Noticed a bag of meat
     3 | D        | Noticed a bag of meat
     4 | D        | Became a worshipper of Makhleb the Destroyer
     4 | D        | Noticed a bag of meat
     5 | D        | Noticed a bag of meat
     5 | D        | Noticed a bag of meat
     6 | D        | Noticed a meat berserker
     8 | D        | Killed a bag of meat
     8 | D        | Killed a bag of meat
     8 | D        | Reached * piety under Makhleb
     8 | D        | Noticed a bag of meat
     9 | D        | Reached skill level 10 in Throwing
     9 | D        | Reached skill level 13 in Dodging
     9 | D        | Reached skill level 10 in Spellcasting
     9 | D        | Reached XP level 2. HP: 19/39 MP: 0/0
     9 | D        | Reached XP level 3. HP: 22/44 MP: 0/0
     9 | D        | Learned a level 1 spell: Shock
     9 | D        | Reached XP level 4. HP: 25/50 MP: 0/0
     9 | D        | Reached XP level 5. HP: 28/56 MP: 0/0
     9 | D        | Learned a level 2 spell: Momentum Strike
     9 | D        | Reached XP level 6. HP: 31/62 MP: 0/0
     9 | D        | Reached XP level 7. HP: 33/67 MP: 0/0
     9 | D        | Learned a level 2 spell: Wereblood
     9 | D        | Reached XP level 8. HP: 37/74 MP: 0/0
     9 | D        | Reached XP level 9. HP: 39/79 MP: 0/0
     9 | D        | Learned a level 4 spell: Airstrike
     9 | D        | Reached XP level 10. HP: 42/85 MP: 0/0
     9 | D        | Reached XP level 11. HP: 45/90 MP: 0/0
     9 | D        | Learned a level 5 spell: Alistair's Intoxication
     9 | D        | Reached XP level 12. HP: 48/96 MP: 0/0
     9 | D        | Killed a bag of meat
     9 | D        | Killed a bag of meat
     9 | D        | Killed a bag of meat
     9 | D        | Reached ** piety under Makhleb
    10 | D        | Reached skill level 15 in Fighting
    10 | D        | Reached skill level 15 in Armour
    10 | D        | Reached skill level 16 in Dodging
    10 | D        | Reached skill level 15 in Unarmed Combat
    10 | D        | Reached XP level 13. HP: 85/108 MP: 0/0
    10 | D        | Learned a level 5 spell: Yara's Violent Unravelling
    10 | D        | Reached XP level 14. HP: 90/114 MP: 0/0
    10 | D        | Killed a meat berserker
    10 | D        | Noticed a meat berserker
    11 | D        | Reached skill level 18 in Dodging
    11 | D        | Killed a bag of meat
    11 | D        | Killed a bag of meat
    11 | D        | Reached *** piety under Makhleb
    12 | D        | Reached skill level 15 in Throwing
    12 | D        | Reached skill level 19 in Dodging
    12 | D        | Reached XP level 15. HP: 15/125 MP: 0/0
    12 | D        | Learned a level 6 spell: Iron Shot
    12 | D        | Killed a meat berserker
    13 | D        | Reached skill level 20 in Dodging
    13 | D        | Noticed a meat berserker
    14 | D        | Noticed a meat berserker
    14 | D        | Noticed a meat berserker
    14 | D        | Noticed a meat berserker
    15 | D        | Noticed a meat berserker
    16 | D        | Noticed a large bag of meat
    16 | D        | Noticed a meat berserker
    17 | D        | Reached skill level 15 in Spellcasting
    17 | D        | Reached XP level 16. HP: 16/135 MP: 0/0
    17 | D        | Killed a meat berserker
    17 | D        | Reached **** piety under Makhleb
    17 | D        | Noticed a destroyer
    17 | D        | Noticed a large bag of meat
    17 | D        | Noticed a large bag of meat
    17 | D        | Noticed a meat berserker
    17 | D        | Annihilated by a meat berserker

Illustrated notes

Levels and vault maps discovered:
D:        meatsprint

Skill      XL: |  1  2  3  4  5  6  7  8  9 10 11 12 13 14 15 |
---------------+----------------------------------------------+-----
Fighting       | 12 15 17 19 | 19.0
Throwing       | 10 13 15 16 | 16.2
Armour         | 12 15 17 19 | 19.0
Dodging        | 13 16 19 20 | 20.6
Unarmed Combat | 12 15 17 18 | 18.9
Spellcasting   | 10 12 14 15 | 15.1

Action                     |  1- 3 |  4- 6 |  7- 9 | 10-12 | 13-15 | 16-18 || total
---------------------------+-------+-------+-------+-------+-------+-------++-------
  Melee: Executioner's axe |     1 |       |       |     1 |     4 |     1 ||     7
   Cast: Vhi's Electric Ch |       |       |       |       |     1 |       ||     1
  Dodge: Dodged            |     1 |       |       |     1 |       |       ||     2

Table legend: (Time is in decaauts)
 A = Elapsed time spent in this place.
 B = Non-inter-level travel time spent in this place.
 C = Inter-level travel time spent in this place.
 D = Time resting spent in this place.
 E = Time spent auto-exploring this place.
 F = Levels seen in this place.
 G = Mean time per level.
                   A        B        C        D        E       F      G
               +--------+--------+--------+--------+--------+-----+--------+
         Total |     21 |     21 |      0 |      0 |      0 |   1 |   21.0 |
       Dungeon |     21 |     21 |      0 |      0 |      0 |   1 |   21.0 |
               +--------+--------+--------+--------+--------+-----+--------+

Top non-repeatable levels by time:
       D: 21 daAuts
